 Dungeon Crawl Stone Soup version 0.31-a0-188-g5e087ee2ca (webtiles) character file.

Game seed: 9344476547850203746

59 qw the Shooter (level 3, -2/20 HPs)
             Began as a Deep Elf Hunter on June 23, 2023.
             Slain by Sigmund
             ... wielding a +0 scythe
              (3 damage)
             ... on level 2 of the Dungeon.
             The game lasted 00:00:29 (908 turns).

qw the Shooter (Deep Elf Hunter)                     Turns: 908, Time: 00:00:29

Health: -2/20      AC:  6    Str:  8 (10) XL:     3   Next: 78%
Magic:  5/5        EV: 10    Int: 12 (13) God:
Gold:   48         SH:  0    Dex: 18      Spells: 2/2 levels left

rFire   . . .        Y - +1 shortbow
rCold   . . .        (shield currently unavailable)
rNeg    . . .        d - +0 ring mail
rPois   .            (no helmet)
rElec   .            (no cloak)
rCorr   .            i - +0 pair of gloves
SInv    .            (no boots)
Will    .....        (no amulet) Stlth
                     (no ring)
HPRegen 0.23/turn    (no ring)
MPRegen 0.09/turn

%: no passive effects
@: confused
A: no striking features
a: no special abilities


You were on level 2 of the Dungeon.
You visited 1 branch of the dungeon, and saw 2 of its levels.

You collected 96 gold pieces.
You spent 48 gold pieces at shops.


   Skills:
 - Level 1.5 Fighting
 + Level 7.3 Ranged Weapons
 - Level 2.4 Dodging
 - Level 1.2 Stealth


You had 2 spell levels left.
You didn't know any spells.
Your spell library was empty.

Inventory:

Hand Weapons
 Y - a +1 shortbow (weapon)
Armour
 d - a +0 ring mail (worn)
 i - a +0 pair of gloves (worn)
Jewellery
 a - a ring of fire
Scrolls
 b - a scroll of fear {unknown}
 c - 2 scrolls of teleportation {unknown}
 f - 2 scrolls of identify
 h - a scroll of revelation {unknown}
Potions
 e - a potion of mutation
 g - a potion of haste {unknown}
 j - a potion of attraction {unknown}
 k - a potion of curing {unknown}

Dungeon Overview and Level Annotations

Branches:
Dungeon (2/15)

Altars:

Shops:
D:1 ?[(*   D:2 =

Annotations:
D:1 1 runed translucent door
D:2 Sigmund


Message History

Enter note:
Enter note:
Enter note: You shoot an arrow.
The arrow hits Sigmund!
Sigmund shouts!
Sigmund is moderately wounded.
Sigmund gestures at you while chanting. The puff of flame misses you.
You shoot an arrow. The arrow barely misses Sigmund.
You shoot an arrow. The arrow hits Sigmund.
Sigmund is heavily wounded.
Sigmund breathes a few words.
Sigmund's hands start flickering wildly.
You shoot an arrow. The arrow barely misses Sigmund.
Sigmund casts a spell.
Sigmund flickers and vanishes!
Deactivating autopickup; reactivate with Ctrl-A.
You shoot an arrow. You shoot an arrow.
A puff of flame appears from out of thin air!
The puff of flame hits you.
You shoot an arrow. You shoot an arrow. Something hits you but does no damage.
You shoot an arrow.
You hear some strange, mumbled words.
You are confused.
You shoot an arrow.
A magic dart appears from out of thin air!
The magic dart hits you!
You shoot an arrow. Something hits you but does no damage.
You shoot an arrow. Something hits you!
You shoot an arrow.
You hear some strange, mumbled words.
You are more confused.
You shoot an arrow. Something hits you.
You die...

#########
#..{.....
#@# #.#
#.# #.#
##.##
##...##
##.#.#.##
#.##....#
##.###..#


There were no monsters in sight!

Vanquished Creatures
  An adder (D:2)
  3 dart slugs
  4 bats (D:2)
  5 endoplasms
  2 giant cockroaches
  6 goblins
  4 hobgoblins
  3 kobolds (D:1)
  2 quokkas (D:2)
  7 ball pythons
  A frilled lizard (D:1)
  3 rats (D:1)
41 creatures vanquished.

Notes
Turn   | Place    | Note
-------+----------+-------------------------------------------
     0 | D:1      | qw the Deep Elf Hunter began the quest for the Orb.
     0 | D:1      | Reached XP level 1. HP: 12/12 MP: 3/3
     0 | D:1      | 0 ||| qw: Version: 0.3-a-9-g12657ce
     0 | D:1      | 0 ||| qw: Game counter: 3170
     0 | D:1      | 0 ||| qw: Always use a shield: true
     0 | D:1      | 0 ||| qw: God list: Okawaru
     0 | D:1      | 0 ||| qw: Allow faded altars: false
     0 | D:1      | 0 ||| qw: Do Orc after D:15 true
     0 | D:1      | 0 ||| qw: Do second Lair branch before Depths: true
     0 | D:1      | 0 ||| qw: Lair rune preference: random
     0 | D:1      | 0 ||| qw: Plans: Normal
     0 | D:1      | 0 ||| PLANNING D:1-11
     1 | D:1      | Found a runed translucent door.
    73 | D:1      | Found Pugioli's Antique Armour Emporium.
   100 | D:1      | 100 ||| SHOPLISTING brightly glowing scale mail (279 gold,
                  | have 0).
   100 | D:1      | 100 ||| SHOPLISTING cloak (139 gold, have 0).
   100 | D:1      | 100 ||| SHOPLISTING embroidered scarf (248 gold, have 0).
   100 | D:1      | 100 ||| SHOPLISTING ring mail (124 gold, have 0).
   100 | D:1      | 100 ||| SHOPLISTING runed scale mail (217 gold, have 0).
   100 | D:1      | 100 ||| SHOPLISTING scale mail (124 gold, have 0).
   131 | D:1      | Reached XP level 2. HP: 16/16 MP: 4/4
   134 | D:1      | Reached skill level 6 in Ranged Weapons
   187 | D:1      | Found Livumev's Assorted Antiques.
   198 | D:1      | 198 ||| BUYING scroll labelled AHUCONOPUC (26 gold).
   198 | D:1      | Bought a scroll labelled AHUCONOPUC for 26 gold pieces
   198 | D:1      | 198 ||| SHOPLISTING yellow potion (23 gold, have 8).
   319 | D:1      | Found a faded altar of an unknown god.
   385 | D:1      | Found Qoulef's Magic Scroll Shoppe.
   394 | D:1      | 394 ||| SHOPLISTING scroll of brand weapon (104 gold, have
                  | 27).
   394 | D:1      | 394 ||| SHOPLISTING scroll of enchant armour (82 gold, have
                  | 27).
   394 | D:1      | 394 ||| SHOPLISTING scroll of enchant weapon (82 gold, have
                  | 27).
   394 | D:1      | 394 ||| BUYING scroll of identify (22 gold).
   394 | D:1      | Bought a scroll of identify for 22 gold pieces
   394 | D:1      | 394 ||| SHOPLISTING scroll of identify (22 gold, have 5).
   394 | D:1      | 394 ||| SHOPLISTING scroll of teleportation (33 gold, have
                  | 5).
   412 | D:1      | Found Wiopu's Weapon Boutique.
   417 | D:1      | 417 ||| SHOPLISTING +3 sling of draining (216 gold, have
                  | 5).
   439 | D:1      | 439 ||| UPGRADING to +0 ring mail.
   449 | D:1      | 449 ||| DROPPING +0 leather armour.
   450 | D:1      | 450 ||| UPGRADING to +0 pair of gloves.
   455 | D:1      | 455 ||| READING scroll labelled AHUCONOPUC.
   456 | D:1      | 456 ||| READING scroll labelled COXEZO ECESH.
   457 | D:1      | 457 ||| READING scroll labelled ACAHITHR UZAWNI.
   458 | D:1      | 458 ||| DRINKING 2 fuming grey potions.
   459 | D:1      | 459 ||| READING 2 scrolls of identify.
   459 | D:1      | 459 ||| IDENTIFYING black potion
   460 | D:1      | 460 ||| DROPPING scroll of butterflies.
   461 | D:1      | 461 ||| DROPPING potion of degeneration.
   562 | D:2      | Reached XP level 3. HP: 18/20 MP: 5/5
   627 | D:2      | Reached skill level 7 in Ranged Weapons
   847 | D:2      | Found Diwnur's Jewellery Boutique.
   858 | D:2      | 858 ||| SHOPLISTING amulet of reflection (300 gold, have
                  | 48).
   858 | D:2      | 858 ||| SHOPLISTING ring of poison resistance (200 gold,
                  | have 48).
   858 | D:2      | 858 ||| SHOPLISTING ring of protection from fire (250 gold,
                  | have 48).
   858 | D:2      | 858 ||| SHOPLISTING ring of willpower (250 gold, have 48).
   894 | D:2      | Noticed Sigmund
   906 | D:2      | HP: 1/20 [something (9)]
   908 | D:2      | Slain by Sigmund

Levels and vault maps discovered:
D:1:      dpeg_arrival_caged_fury, layout_rooms, serial_shops,
          nicolae_shop_behind_doors, nicolae_shop_waterfront,
          nicolae_shop_advertising_works [nicolae_subvault_shop_adworks], shop,
          ebering_ecumenical_altar_sacrificial
D:2:      layout_loops_cross, serial_shops, nicolae_shop_gaudy_bauble,
          minmay_cut_off, uniq_sigmund, uniq_crazy_yiuf_cottage

Skill      XL: |  1  2  3 |
---------------+----------+-----
Ranged Weapons | 6 7 |  7.3
Fighting       | |  1.5
Dodging        | |  2.4
Stealth        | |  1.2

Action                     || total
---------------------------++-------
   Fire: Shortbow          ||   103
    Use: Scroll            ||     4
         Potion            ||     1
 Armour: Leather armour    ||     5
         Ring mail         ||    11
  Dodge: Dodged            ||    16

Table legend:
 A = Non-vault XP
 B = Vault XP
 C = Vault XP percentage of total XP
 D = Non-vault monster count
 E = Vault monster count
 F = Vault count percentage of total count
                 A         B        C        D         E       F
            +---------+---------+-------+---------+---------+-------
      Total |      78 |       7 |   8.2 |      38 |       3 |   7.3
            +---------+---------+-------+---------+---------+-------
        D:1 |      37 |       0 |   0.0 |      21 |       0 |   0.0
        D:2 |      41 |       7 |  14.6 |      17 |       3 |  15.0
            +---------+---------+-------+---------+---------+-------
